 Dungeon Crawl Stone Soup version 0.26-a0-812-g31a745ddcd (webtiles) character file.

Game seed: 4169209482414589069

68 Argons the Caller (level 4, 0/27 HPs)
             Began as a Human Summoner on Nov 21, 2020.
             Was an Initiate of Hepliaklqana.
             Slain by Sigmund
             ... wielding a +4 vorpal scythe
              (3 damage)
             ... on level 3 of the Dungeon on Nov 22, 2020.
             The game lasted 00:18:39 (2255 turns).

Argons the Caller (Human Summoner)                  Turns: 2255, Time: 00:18:40

Health: 0/27       AC:  3    Str:  9    XL:     4   Next: 41%
Magic:  1/7        EV: 12    Int: 16    God:    Hepliaklqana [......]
Gold:   226        SH:  0    Dex: 13    Spells: 4/7 levels left

rFire    . . .     SeeInvis .   j - +4 spear
rCold    . . .     Faith    .   (no shield)
rNeg     . . .     Spirit   .   a - +0 robe
rPois    .         Reflect  .   (no helmet)
rElec    .         Harm     .   (no cloak)
rCorr    .         Rampage  .   (no gloves)
MR       .....                  e - +0 pair of boots
Stlth    ++........             (no amulet)
HPRegen  0.09/turn              (no ring)
MPRegen  0.10/turn              (no ring)

@: no status effects
A: reduced essence
a: Recall Ancestor, Ancestor Identity, Renounce Religion


You were on level 3 of the Dungeon.
You worshipped Hepliaklqana.
Hepliaklqana was noncommittal.
You visited 1 branch of the dungeon, and saw 3 of its levels.

You collected 226 gold pieces.

Inventory:

Hand Weapons
 j - a +4 spear (weapon)
Missiles
 f - 6 javelins
 g - 30 poisoned darts (quivered)
Armour
 a - a +0 robe (worn)
 e - a +0 pair of boots (worn)
Jewellery
 c - an uncursed ring of protection from magic {unknown}
Scrolls
 i - a scroll of remove curse
Potions
 b - 2 potions of curing
 d - a potion of lignification
 h - a potion of might {unknown}
 k - a potion of heal wounds {unknown}
 m - a potion of mutation {unknown}


   Skills:
 + Level 1.5 Polearms
 - Level 2.0 Dodging
 - Level 2.0 Stealth
 - Level 2.0 Spellcasting
 + Level 5.2 Summonings


You had 4 spell levels left.
You knew the following spells:

 Your Spells              Type           Power        Failure   Level
a - Summon Small Mammal   Summ           ###.         2%          1
b - Call Imp              Summ           ###.....     3%          2

Your spell library contained the following spells:

 Spells                   Type           Power        Failure   Level
 Call Canine Familiar     Summ           ###.....     7%          3
 Summon Guardian Golem    Hex/Summ       ##......     22%         3
 Summon Ice Beast         Ice/Summ       ##......     56%         4
 Summon Lightning Spire   Summ/Air       ##......     56%         4


Dungeon Overview and Level Annotations

Branches:
Dungeon (3/15)

Altars:
Hepliaklqana
Vehumet

Annotations:
D:3 Sigmund


Message History

Are you sure you want to stumble around while confused and next to your crimson imp?
Okay, then.
Your crimson imp blinks!
Sigmund casts a spell at you. The puff of flame misses you.
Your crimson imp closely misses Sigmund.
Your crimson imp hits Sigmund.
You feel less confused.
Your crimson imp barely misses Sigmund.
Sigmund closely misses you.
Your crimson imp hits Sigmund but does no damage.
Kammani closely misses Sigmund.
Your crimson imp blinks!
Your crimson imp completely misses Sigmund.
You reach to attack!
You hit Sigmund.
Sigmund is lightly wounded.
Your crimson imp blinks!
Kammani completely misses Sigmund.
Sigmund hits you from afar with a +4 vorpal scythe!
* * * LOW HITPOINT WARNING * * *
You die...

#.# #.....# ##.# #.# #.<...#
#..# #.# #.....####.## #.#
##.......†..# #.# ##§..#####..#
##.## #.§....# #..#
##...######.####.# #..#
#########.....##....####.# #..#
#..............@.@5....... ...#
#.#####........#.§R..........##
#.#####..#...#.##.#....#..####
#...........##.##.........
##.##.##.........####..###.
......##.........### ..#
##.......#.#..#.... ...
#.#####.#.##.#..#
##.......#.##.#..#


You could see the friendly Kammani the ancestor, Sigmund and a friendly crimson
imp (summoned).

Vanquished Creatures
  An orc (D:3)
  A hobgoblin (D:2)
  4 kobolds
  2 ball pythons (D:2)
  3 bats (D:2)
  5 frilled lizards
  2 goblins
  5 rats
23 creatures vanquished.

Vanquished Creatures (collateral kills)
  4 adders
  An ooze (D:2)
  3 dart slugs
  2 leopard geckos (D:2)
  3 bats
  A goblin (D:1)
  3 hobgoblins
  2 ball pythons (D:1)
  A frilled lizard (D:1)
  3 kobolds
  A rat (D:1)
24 creatures vanquished.

Vanquished Creatures (others)
  An ancestor (D:3)
1 creature vanquished.

Grand Total: 48 creatures vanquished

Notes
Turn   | Place    | Note
-------+----------+-------------------------------------------
     0 | D:1      | Argons the Human Summoner began the quest for the Orb.
     0 | D:1      | Reached XP level 1. HP: 13/13 MP: 3/3
   637 | D:1      | Reached XP level 2. HP: 18/19 MP: 0/5
   850 | D:1      | Learned a level 2 spell: Call Imp
  1071 | D:2      | Reached XP level 3. HP: 24/24 MP: 0/6
  1262 | D:2      | Reached skill level 5 in Summonings
  1377 | D:2      | Found a hazy altar of Hepliaklqana.
  1378 | D:2      | Found a radiant altar of Vehumet.
  1388 | D:2      | Became a worshipper of Hepliaklqana the Forgotten
  1663 | D:2      | Reached skill level 1 in Polearms
  1663 | D:2      | Reached XP level 4. HP: 27/27 MP: 2/7
  2238 | D:3      | Noticed Sigmund
  2255 | D:3      | Slain by Sigmund

Illustrated notes

Levels and vault maps discovered:
D:1:      onia_arrival_mini_spirals, layout_loops_ring, minmay_misc_feat_chi
D:2:      layout_loops_ring, gammafunk_temple_overflow_statue,
          chequers_serial_rivers_marsh
D:3:      layout_loops_cross, lemuel_crystal_altar, uniq_sigmund, uniq_ijyb

Skill      XL: |  1  2  3 |
---------------+----------+-----
Summonings     | 5 |  5.2
Polearms       | 1 |  1.5
Dodging        | |  2.0
Stealth        | |  2.0
Spellcasting   | |  2.0

Action                   |  1- 3 |  4- 6 || total
-------------------------+-------+-------++-------
Melee: Dagger            |    23 |       ||    23
       Unarmed           |     4 |       ||     4
       Spear             |    28 |    12 ||    40
 Cast: Summon Small Mamm |    29 |       ||    29
       Call Imp          |     7 |     5 ||    12
Invok: Ancestor Identity |     1 |       ||     1
  Use: Scroll            |     3 |     1 ||     4
 Stab: Sleeping          |     8 |     5 ||    13
Armor: Robe              |    17 |     1 ||    18
Dodge: Dodged            |    38 |     3 ||    41

Table legend: (Time is in decaauts)
 A = Elapsed time spent in this place.
 B = Non-inter-level travel time spent in this place.
 C = Inter-level travel time spent in this place.
 D = Time resting spent in this place.
 E = Time spent auto-exploring this place.
 F = Levels seen in this place.
 G = Mean time per level.
                   A        B        C        D        E       F      G
               +--------+--------+--------+--------+--------+-----+--------+
         Total |   2258 |   1986 |    272 |    294 |    121 |   3 |  752.7 |
       Dungeon |   2258 |   1986 |    272 |    294 |    121 |   3 |  752.7 |
               +--------+--------+--------+--------+--------+-----+--------+

Top non-repeatable levels by time:
     D:1: 1001 daAuts
     D:2: 866 daAuts
     D:3: 390 daAuts
